 Dungeon Crawl Stone Soup version 0.21.1-1-g345015fe64 (webtiles) character file.

81 Gargoyl the Skirmisher (level 4, -1/40 HPs)
             Began as a Centaur Abyssal Knight on Apr 13, 2018.
             Was a Follower of Lugonu.
             Killed from afar by an orc wizard (4 damage)
             ... with a magic dart
             ... on level 2 of the Dungeon.
             The game lasted 00:03:31 (1699 turns).

Gargoyl the Skirmisher (Centaur Abyssal Knight)     Turns: 1699, Time: 00:03:32

Health: -1/40      AC:  9    Str: 14    XL:     4   Next: 20%
Magic:  5/5        EV:  4    Int: 11    God:    Lugonu [*.....]
Gold:   84         SH:  0    Dex: 10    Spells: 3/3 levels left

rFire    . . .     SeeInvis .   a - +2 hand axe
rCold    . . .     Gourm    .   (no shield)
rNeg     . . .     Faith    .   b - +0 chain mail
rPois    .         Spirit   .   n - +1 helmet
rElec    .         Reflect  .   (no cloak)
rCorr    .         Harm     .   (no gloves)
MR       +....                  (no barding)
Stlth    ..........             (no amulet)
HPRegen  0.13/turn              d - ring of protection from magic
MPRegen  0.09/turn              i - ring of flight

@: very quick
A: large, hooves 3, deformed body, speed 2, tough skin 3
a: Depart the Abyss, Renounce Religion, Evoke Flight


You were on level 2 of the Dungeon.
You worshipped Lugonu.
Lugonu was aware of your devotion.
You were hungry.

You visited 1 branch of the dungeon, and saw 2 of its levels.
You visited the Abyss 1 time.

You collected 84 gold pieces.

Inventory:

Hand Weapons
 a - a +2 hand axe (weapon)
Armour
 b - a +0 chain mail (worn)
 n - a +1 helmet (worn)
Jewellery
 d - a ring of protection from magic (left hand)
 i - a ring of flight (right hand)
Potions
 e - a potion of degeneration {unknown}
 h - 2 potions of curing {unknown}
 j - a potion of berserk rage {unknown}
 k - a potion of heal wounds {unknown}
Comestibles
 c - 5 rations


   Skills:
 + Level 3.7 Fighting
 + Level 2.3 Axes
 * Level 2.1 Armour
 + Level 1.2 Dodging
 * Level 2.4 Invocations


You had 3 spell levels left.
You didn't know any spells.

Dungeon Overview and Level Annotations

Branches:
Dungeon (2/15)

Altars:
Nemelex Xobeh
Uskayaw
Vehumet
Yredelemnul


Innate Abilities, Weirdness & Mutations

You have hooves in place of feet.
Armour fits poorly on your strangely shaped body.
You cover ground very quickly.
You have extremely tough skin. (AC +3)


Message History

The quokka bites you but does no damage.
The orc wizard hits you with a dagger.
Unknown command.
You slash the orc priest!
You kick the orc priest, but do no damage.
The orc priest is severely wounded.
You hit the orc wizard. You barely miss the quokka.
The orc wizard hits you with a dagger.
The orc priest mumbles some strange prayers to Beogh against you.
Beogh smites you!
* * * LOW HITPOINT WARNING * * *
The quokka bites you but does no damage.
An orc comes into view. It is wielding a club.
The orc shouts!
You hit the orc priest but do no damage.
The orc priest is severely wounded.
You hit the orc wizard. You hit the quokka.
The orc wizard casts a spell at you. The magic dart hits you!
You die...

.####.####.#.# ..#
...... .......# #.#.#
#..# .##...
.####..###.#.# #..##
....#
...........#.####.>o
.##...
...............##..# #
.. .
..........####.##..# .#
.#...
.....#'#######.##o.##..#
.###.#.##........o.....#
.# #.#.##.####..@og....#
.# #.#.# #.##rS##.#.# .#
#.#.# # #.##..# .# #.#.#
.# #.##..#
.###.#.##.####.##..#
...................#
.#........####. #..#
#.#.#.#### ...#
#.#.#.#####. #...


You could see an orc priest, an orc wizard, an adder, 2 orcs, a quokka and a
hobgoblin.

Vanquished Creatures
  4 adders (D:2)
  An ooze (D:1)
  A leopard gecko (D:1)
  5 bats (D:1)
  A giant cockroach (D:2)
  6 goblins
  3 hobgoblins
  3 jackals (D:1)
  5 kobolds
  6 frilled lizards (D:1)
  3 rats
38 creatures vanquished.

Notes
Turn   | Place    | Note
-------+----------+-------------------------------------------
     0 | Abyss:1  | Gargoyl the Centaur Abyssal Knight began the quest for the Orb.
     0 | Abyss:1  | Reached XP level 1. HP: 19/19 MP: 2/2
    50 | Abyss:2  | Found a blossoming altar of Fedhas.
    51 | Abyss:2  | Noticed a hungry ghost
    53 | Abyss:2  | Noticed an iron imp
    72 | Abyss:2  | Noticed a small abomination
    76 | Abyss:2  | Noticed an iron imp
    83 | Abyss:2  | Noticed a rakshasa
    84 | D:1      | Escaped the Abyss
   379 | D:1      | Reached XP level 2. HP: 26/26 MP: 3/3
   415 | D:1      | Reached * piety under Lugonu
   423 | D:1      | Reached skill level 1 in Dodging
   669 | D:1      | Reached XP level 3. HP: 31/31 MP: 4/4
  1395 | D:2      | Found a hide-covered altar of Uskayaw.
  1395 | D:2      | Found a sparkling altar of Nemelex Xobeh.
  1395 | D:2      | Found a basalt altar of Yredelemnul.
  1395 | D:2      | Found a radiant altar of Vehumet.
  1583 | D:2      | Reached XP level 4. HP: 36/40 MP: 5/5
  1699 | D:2      | Killed from afar by an orc wizard

Skill      XL: |  1  2  3 |
---------------+----------+-----
Dodging        | 1 |  1.2
Axes           | 2 |  2.3
Armour         | 2 |  2.1
Fighting       | |  3.7
Invocations    | |  2.4

Action                   |  1- 3 |  4- 6 || total
-------------------------+-------+-------++-------
Melee: Hand axe          |    97 |    17 ||   114
       Kick              |    12 |     1 ||    13
Invok: Depart the Abyss  |     1 |       ||     1
  Use: Scroll            |     8 |       ||     8
  Eat: Chunk             |     1 |       ||     1
Armor: Leather armour    |    13 |       ||    13
       Ring mail         |    24 |       ||    24
       Chain mail        |    43 |    25 ||    68
Dodge: Dodged            |    49 |     7 ||    56
